 Dungeon Crawl Stone Soup version 0.28-a0-657-g71136c5590 (webtiles) character file.

Game seed: 10737459673032012253

20038 KristoblXynda the Carver (level 12, -14/106 HPs)
             Began as a Red Draconian Gladiator on Oct 13, 2021.
             Was the Champion of Okawaru.
             Shot with an arrow by a centaur warrior (16 damage)
             ... on level 13 of the Dungeon.
             The game lasted 00:19:19 (13701 turns).

KristoblXynda the Carver (Red Draconian Gladiator) Turns: 13701, Time: 00:19:19

Health: -14/106    AC: 11    Str: 24    XL:     12   Next: 41%
Magic:  12/12      EV: 16    Int: 16    God:    Okawaru [******]
Gold:   339        SH:  0    Dex: 13    Spells: 7/11 levels left

rFire   + . .      SeeInvis .   i - +3 scimitar
rCold   . . .      Faith    .   (no shield)
rNeg    + . .      Spirit   .   (armour unavailable)
rPois   .          Reflect  .   b - +0 hat
rElec   +          Harm     .   D - scarf {shadows}
rCorr   .          Rampage  .   a - +0 pair of gloves
Will    .....                   E - +1 pair of boots
Stlth   +.........              t - amulet of regeneration
HPRegen 1.27/turn               f - +6 ring of intelligence
MPRegen 0.13/turn               w - ring of Rekasey {rElec rN+ Str+4}

@: no status effects
A: breathe fire, AC +8, unfitting armour, fire resistance 1, cold-blooded
a: Breathe Fire, Renounce Religion, Heroism, Finesse, Duel


You were on level 13 of the Dungeon.
You worshipped Okawaru.
Okawaru was exalted by your worship.
You visited 2 branches of the dungeon, and saw 14 of its levels.

You collected 924 gold pieces.
You spent 585 gold pieces at shops.

Inventory:

Hand Weapons
 i - a +3 scimitar (weapon)
Missiles
 c - 5 throwing nets (quivered)
Armour
 a - a +0 pair of gloves (worn)
 b - a +0 hat (worn)
 D - a scarf of shadows (worn)
 E - a +1 pair of boots (worn)
 I - a +0 buckler
Jewellery
 f - a +6 ring of intelligence (left hand)
 t - an amulet of regeneration (around neck)
 w - the ring of Rekasey (right hand) {rElec rN+ Str+4}
   (You found it on level 6 of the Dungeon)

   [ring of positive energy]

   Str:       It affects your strength (+4).
   rElec:     It insulates you from electricity.
   rN:        It protects you from negative energy.
 x - a +6 ring of intelligence
Wands
 k - a wand of acid (5)
 u - a wand of digging (27)
 v - a wand of polymorph (6)
 y - a wand of mindburst (21)
Scrolls
 e - 6 scrolls of teleportation
 j - 2 scrolls of amnesia
 l - a scroll of enchant weapon
 m - 7 scrolls of enchant armour
 o - 2 scrolls of magic mapping
 s - 7 scrolls of fear
Potions
 d - 5 potions of might
 g - 4 potions of curing
 h - 3 potions of mutation
 n - a potion of cancellation
 p - 3 potions of magic
 q - 4 potions of brilliance
 r - a potion of invisibility
 z - 5 potions of flight
 A - a potion of haste
 B - a potion of attraction
 C - 2 potions of berserk rage
 G - a potion of heal wounds {unknown}
 H - a potion of lignification {unknown}
 J - 2 potions of ambrosia {unknown}


   Skills:
 - Level 10.0 Fighting
 + Level 12.8 Long Blades
 - Level 2.0 Throwing
 + Level 10.0 Dodging
 + Level 0.3 Shields
 + Level 7.8 Transmutations
 + Level 5.4 Earth Magic


You had 7 spell levels left.
You knew the following spells:

 Your Spells              Type           Power      Damage    Failure   Level
a - Petrify               Tmut/Erth      21%        N/A       17%         4

Your spell library contained the following spells:

 Spells                   Type           Power      Damage    Failure   Level
 Spider Form              Tmut/Pois      6%         N/A       16%         3
 Poisonous Vapours        Pois/Air       0%         N/A       36%         2
 Slow                     Hex            0%         N/A       36%         2
 Confusing Touch          Hex            0%         N/A       58%         3
 Dazzling Flash           Conj/Hex       0%         N/A       58%         3
 Mephitic Cloud           Conj/Pois/Air  0%         N/A       58%         3
 Vampiric Draining        Necr           0%         2d6       58%         3
 Cause Fear               Hex            0%         N/A       94%         4
 Iskenderun's Mystic Bla  Conj/Tloc      0%         2d3       94%         4
 Olgreb's Toxic Radiance  Pois           0%         N/A       94%         4
 Statue Form              Tmut/Erth      14%        N/A       95%         6
 Metabolic Englaciation   Hex/Ice        0%         N/A       100%        5
 Starburst                Conj/Fire      0%         6d3       100%        6
 Dragon Form              Tmut           12%        N/A       100%        7
 Dragon's Call            Summ           Unusable   N/A       N/A         9

Dungeon Overview and Level Annotations

Branches:
Dungeon (13/15)            Temple (1/1) D:5            Lair (0/6) D:9
    Orc (0/2) D:11
 Vaults: D:13-14

Altars:
Ashenzari
Cheibriados
Dithmenos
Elyvilon
Fedhas
Gozag
Hepliaklqana
Kikubaaqudgha
Makhleb
Nemelex Xobeh
Okawaru
Qazlal
Ru
Sif Muna
Trog
Uskayaw
Vehumet
Wu Jian
Xom
Yredelemnul
Zin
The Shining One

Shops:
D:4 [=*   D:9 *[(   D:12 [

Annotations:
D:5 Prince Ribbit
D:12 3 runed translucent doors, TimeIsEndless's ghost, journeyman FoFi


Innate Abilities, Weirdness & Mutations

You can breathe blasts of fire.
Your fiery red scales are hard. (AC +8)
You cannot fit into any form of body armour.
Your flesh is heat resistant. (rF+)
You are cold-blooded and may be slowed by cold attacks.


Message History

The gargoyle is almost destroyed.
The gargoyle closely misses you.
A gargoyle is nearby!
A gargoyle is nearby!
A gargoyle is nearby!
You hit the gargoyle.
You tail-slap the gargoyle, but do no damage.
The gargoyle is almost destroyed.
The gargoyle misses you.
You slash the gargoyle!
You destroy the gargoyle!
Okawaru accepts your kill.
No target in view!
No target in view!
You now have 326 gold pieces (gained 21).
You now have 339 gold pieces (gained 13).
q - 4 potions of brilliance (gained 1)
A centaur warrior comes into view.
The centaur warrior shouts!
A centaur warrior comes into view.
The centaur warrior wields a +0 longbow.
The centaur warrior shoots an arrow.
The arrow hits you!!
The centaur warrior shouts!
There are monsters nearby!
There are monsters nearby!
There are monsters nearby!
Unknown command.
The centaur warrior wields a +0 shortbow.
The centaur warrior shoots an arrow.
The arrow barely misses you.
The centaur warrior shoots an arrow.
The arrow hits you!
The centaur warrior shoots an arrow.
The arrow hits you!!
The centaur warrior shoots an arrow.
The arrow hits you!!
The centaur warrior shoots an arrow.
The arrow hits you!
* * * LOW HITPOINT WARNING * * *
The centaur warrior shoots an arrow.
The arrow hits you!
* * * LOW HITPOINT WARNING * * *
The centaur warrior shoots an arrow.
The arrow hits you!
* * * LOW HITPOINT WARNING * * *
The centaur warrior shoots an arrow.
The arrow hits you!
You die...

.........####....##.........
.........# #....##.........
.........# #....##.........
.........####....##.........
.................##.........
............................
............................
............########........
##########.@# #....#### #..#
#....# #cc# #....#### ....
.......... .....c
........... ........
........... ........
....#####.. #.< #..


You could see 2 centaur warriors.

Vanquished Creatures
  Kirke (D:12)
  Harold (D:7)
  2 hydras
  2 centaur warriors (D:13)
  3 two-headed ogres
  A skeletal warrior (D:7)
  An ugly thing (D:13)
  A cyclops (D:11)
  4 centaur zombies
  3 gargoyles
  A komodo dragon (D:11)
  2 tengu conjurers (D:13)
  4 trolls
  A polar bear (shapeshifter) (D:13)
  Grinder (D:6)
  2 meliai zombies
  9 slime creatures
  A vampire (D:11)
  4 wraiths
  2 wyverns
  2 shadows (D:10)
  2 hogs (D:12)
  A human (D:12)
  2 water elementals (D:11)
  4 yaks
  A basilisk (D:12)
  6 vampire mosquitoes
  An acid dragon (D:10)
  3 water moccasins
  Duvessa (D:4)
  3 black bears
  A sky beast (D:7)
  2 orc warriors
  A hornet zombie (D:8)
  An ogre (D:7)
  9 centaurs
  A phantom (D:6)
  3 kobold brigands
  A bullfrog (D:6)
  3 scorpions
  Dowan (D:4)
  A water moccasin zombie (D:6)
  8 wights
  3 electric eels (D:11)
  8 howler monkeys
  6 orc priests
  3 hounds
  A bullfrog skeleton (D:6)
  A jelly (D:4)
  2 gnoll shamans
  4 orc wizards
  An iguana (D:4)
  A killer bee zombie (D:6)
  A hound skeleton (D:5)
  3 howler monkey zombies
  5 adders
  7 gnolls
  2 shadow imps
  A white imp (D:7)
  3 worms
  9 dart slugs
  22 orcs
  4 ball pythons
  6 bats
  9 endoplasms
  9 giant cockroaches
  12 hobgoblins
  2 quokkas
  A goblin (D:1)
  15 kobolds
  3 rats (D:1)
248 creatures vanquished.

Vanquished Creatures (others)
  14 fungi
  A plant (D:9)
15 creatures vanquished.

Grand Total: 263 creatures vanquished

Notes
Turn   | Place    | Note
-------+----------+-------------------------------------------
     0 | D:1      | KristoblXynda the Draconian Gladiator began the quest for
                  | the Orb.
     0 | D:1      | Reached XP level 1. HP: 17/17 MP: 1/1
   204 | D:1      | Reached XP level 2. HP: 25/25 MP: 2/2
   701 | D:1      | Reached XP level 3. HP: 27/30 MP: 3/3
  1161 | D:2      | Found a glowing golden altar of the Shining One.
  1576 | D:2      | Reached XP level 4. HP: 32/38 MP: 4/4
  1614 | D:2      | Reached skill level 4 in Long Blades
  2299 | D:3      | You fall into a shaft and drop 1 floor!
  3285 | D:4      | Found a large runed translucent door.
  3289 | D:4      | Found a large runed translucent door.
  3289 | D:4      | Noticed Duvessa
  3289 | D:4      | Noticed Dowan
  3325 | D:4      | Reached XP level 5. HP: 23/45 MP: 5/5
  3383 | D:4      | Found Cuxt's Armour Emporium.
  3536 | D:4      | Bought a +0 pair of boots for 49 gold pieces
  3614 | D:4      | Reached skill level 5 in Long Blades
  3965 | D:4      | Found Goeczi's General Store.
  3976 | D:4      | Bought a scroll of teleportation for 42 gold pieces
  4036 | D:4      | Found Javvah's Jewellery Shop.
  4036 | D:4      | Noticed a two-headed ogre
  4048 | D:4      | Killed a two-headed ogre
  4049 | D:4      | Reached skill level 5 in Fighting
  4049 | D:4      | Reached skill level 6 in Long Blades
  4049 | D:4      | Reached XP level 6. HP: 36/56 MP: 6/6
  4049 | D:4      | Your scales start taking on a fiery red colour.
  4049 | D:4      | Reached XP level 7. HP: 39/61 MP: 7/7
  4049 | D:4      | Gained mutation: Your flesh is heat resistant. (rF+) [Red
                  | Draconian growth]
  4406 | D:4      | Found a shimmering blue altar of Sif Muna.
  4696 | D:4      | Killed Duvessa
  4697 | D:4      | Reached skill level 7 in Long Blades
  4697 | D:4      | Reached XP level 8. HP: 37/69 MP: 8/8
  4699 | D:4      | Killed Dowan
  4700 | D:4      | Reached skill level 5 in Dodging
  4705 | D:4      | Found a blossoming altar of Fedhas.
  4708 | D:4      | Found a broken altar of Ashenzari.
  4893 | D:5      | Entered Level 5 of the Dungeon
  5255 | D:5      | Noticed Prince Ribbit
  5808 | D:5      | Found a staircase to the Ecumenical Temple.
  5828 | Temple   | Entered the Ecumenical Temple
  5899 | Temple   | Became a worshipper of Warmaster Okawaru
  6082 | D:6      | Reached skill level 8 in Long Blades
  6171 | D:6      | Identified the ring of Rekasey {rElec rN+ Str+4}
  6257 | D:6      | Noticed Grinder
  6267 | D:6      | Killed Grinder
  6560 | D:6      | Reached * piety under Okawaru
  6604 | D:6      | Reached skill level 9 in Long Blades
  6604 | D:6      | Reached XP level 9. HP: 76/79 MP: 9/9
  6782 | D:6      | Reached ** piety under Okawaru
  7012 | D:7      | Noticed a skeletal warrior
  7012 | D:7      | Found the +5 scythe "Finisher" {speed, eviscerate}
  7023 | D:7      | Killed a skeletal warrior
  7024 | D:7      | Reached skill level 10 in Long Blades
  7198 | D:7      | Learned a level 4 spell: Petrify
  7233 | D:7      | Noticed Harold
  7245 | D:7      | Killed Harold
  7245 | D:7      | Reached *** piety under Okawaru
  7246 | D:7      | Reached skill level 1 in Transmutations
  7246 | D:7      | Reached XP level 10. HP: 49/88 MP: 10/10
  7502 | D:7      | Got the Handbook of Toxins
  8085 | D:8      | Reached **** piety under Okawaru
  8877 | D:8      | Found a radiant altar of Vehumet.
  8877 | D:8      | Found an ornate altar of the Wu Jian Council.
  9023 | D:9      | Found Jumpomuo's Antique Weapon Shop.
  9088 | D:9      | Found a staircase to the Lair.
  9223 | D:9      | Noticed a red ugly thing
  9226 | D:9      | Found Sotsecew's Armour Boutique.
  9263 | D:9      | Bought a scarf of shadows for 180 gold pieces
  9263 | D:9      | Bought a +1 pair of boots for 172 gold pieces
  9307 | D:9      | Noticed a skeletal warrior
  9307 | D:9      | Noticed a skeletal warrior
  9319 | D:9      | Noticed a skeletal warrior
  9442 | D:9      | Found Uwoastroo's Assorted Antiques.
  9450 | D:9      | Bought a murky emerald potion for 26 gold pieces
  9450 | D:9      | Bought a potion of might for 116 gold pieces
  9490 | D:9      | Reached skill level 11 in Long Blades
  9555 | D:10     | Entered Level 10 of the Dungeon
 10048 | D:10     | Noticed a four-headed hydra
 10060 | D:10     | Killed a six-headed hydra
 10060 | D:10     | Reached ***** piety under Okawaru
 10060 | D:10     | Received a gift from Okawaru
 10064 | D:10     | Reached XP level 11. HP: 83/97 MP: 11/11
 10611 | D:10     | Reached skill level 5 in Transmutations
 10846 | D:11     | Reached skill level 10 in Fighting
 11257 | D:11     | Reached skill level 1 in Earth Magic
 11330 | D:11     | Received a gift from Okawaru
 11473 | D:11     | Found a staircase to the Orcish Mines.
 12222 | D:12     | Reached skill level 12 in Long Blades
 12315 | D:12     | Identified the +1 chain mail of Midnight {rPois rC+}
 12316 | D:12     | Found a runed translucent gate.
 12317 | D:12     | Found a runed translucent gate.
 12318 | D:12     | Found a runed translucent gate.
 12318 | D:12     | Noticed TimeIsEndless's ghost (journeyman FoFi)
 12328 | D:12     | Identified the +9 hunting sling of Sharkskin {venom, rPois
                  | rN+}
 12374 | D:12     | Noticed a five-headed hydra
 12385 | D:12     | Noticed a two-headed ogre
 12386 | D:12     | Killed a six-headed hydra
 12395 | D:12     | Killed a two-headed ogre
 12455 | D:12     | Noticed a two-headed ogre
 12461 | D:12     | Killed a two-headed ogre
 12618 | D:12     | Found Rosk's Armour Emporium.
 12720 | D:12     | Reached XP level 12. HP: 94/106 MP: 12/12
 12720 | D:12     | Reached ****** piety under Okawaru
 12924 | D:13     | Noticed Kirke
 12939 | D:12     | Received a gift from Okawaru
 12954 | D:12     | Killed Kirke
 12954 | D:12     | Identified the +9 longbow of the Hidden Vale {speed, rCorr
                  | Str+6 Dex+2} (Okawaru gifted it to you on level 12 of the
                  | Dungeon)
 12954 | D:12     | Received a gift from Okawaru
 13125 | D:13     | Identified the +1 chain mail of Afadden {Int-4 Dex+6}
 13212 | D:13     | Reached skill level 5 in Earth Magic
 13349 | D:13     | Noticed a centaur warrior
 13359 | D:13     | Killed a centaur warrior
 13360 | D:13     | Reached skill level 10 in Dodging
 13432 | D:13     | Noticed a centaur warrior
 13438 | D:13     | Killed a centaur warrior
 13696 | D:13     | Noticed a centaur warrior
 13696 | D:13     | Noticed a centaur warrior
 13701 | D:13     | HP: 2/106 [centaur warrior/arrow (7)]
 13701 | D:13     | Shot with an arrow by a centaur warrior

Illustrated notes

Levels and vault maps discovered:
D:1:      dpeg_arrival_chambers_temple_mockup, layout_loops_ring
D:2:      layout_loops_ring, basic_altar
D:3:      layout_basic
D:4:      layout_rooms, mainiacjoe_overflow_24_doors, jmf_multi_god_temple2,
          serial_shops, shop, nicolae_diamond_shop, minmay_liquid_box,
          kennysheep_path_1, minmay_shop_enchanted_jewellery, uniq_duvessa
D:5:      layout_rooms, lemuel_temple_firewalk_b, serial_aquarium,
          aquarium_bridge_square [aquarium_subvault_balcony,
          aquarium_subvault_bridge, aquarium_subvault_bridge,
          aquarium_subvault_wall], aquarium_bridge_island_small
          [aquarium_subvault_small_open, aquarium_subvault_wall,
          aquarium_subvault_wall, aquarium_subvault_balcony,
          aquarium_subvault_bridge], aquarium_window_fake, aquarium_window_1,
          aquarium_window_2, aquarium_view_2e, aquarium_balcony_3a,
          uniq_prince_ribbit1
D:6:      layout_loops_corners, chequers_avenue, minmay_crossroads, uniq_grinder
D:7:      layout_gridville, minmay_guarded_unrand_finisher, uniq_harold
D:8:      layout_gridville, gammafunk_temple_overflow_statue, minivault_22,
          hangedman_abyss_or_decor_slice, minmay_misc_feat_rugged
D:9:      layout_basic, david_lair_generic, serial_shops, nicolae_shop_crystal,
          nicolae_stop_n_shop_2, nicolae_lakefront_shop,
          nicolae_shop_window_shopping, shop, onia_ninara_dug_in_and_dangerous
D:10:     minmay_razor_zed, layout_loops_corners
D:11:     layout_basic, minivault_25
D:12:     layout_big_octagon, biasface_ghost_orc_armoury, serial_shops,
          nicolae_shop_crystal
D:13:     layout_small_grid, uniq_kirke
Temple:   minmay_crystal_spiral_temple

Skill      XL: |  1  2  3  4  5  6  7  8  9 10 11 12 |
---------------+-------------------------------------+-----
Throwing       | 2 |  2.0
Dodging        | 3 4 6 7 8 9 10 | 10.0
Fighting       | 3 5 7 8 9 10 | 10.0
Long Blades    | 4 6 7 9 10 11 12 | 12.8
Transmutations | 1 4 7 |  7.8
Earth Magic    | 4 5 |  5.4
Shields        | |  0.3

Action                   |  1- 3 |  4- 6 |  7- 9 | 10-12 || total
-------------------------+-------+-------+-------+-------++-------
Melee: Long sword        |   111 |   154 |   204 |    55 ||   524
       Tailslap          |    18 |    16 |    31 |    96 ||   161
       Scimitar          |       |       |       |   303 ||   303
       Great sword       |       |       |       |   155 ||   155
Throw: Throwing net      |       |     2 |       |       ||     2
 Abil: Breathe Fire      |       |       |     7 |    14 ||    21
Evoke: Wand              |       |       |       |     4 ||     4
  Use: Potion            |       |     1 |       |       ||     1
       Scroll            |       |       |    12 |    10 ||    22
 Stab: Sleeping          |     4 |     1 |     1 |       ||     6
       Held in net/web   |       |     1 |       |       ||     1
Armor: Skin              |    39 |    44 |    62 |   200 ||   345
Dodge: Dodged            |    95 |   102 |   137 |   478 ||   812

Table legend: (Time is in decaauts)
 A = Elapsed time spent in this place.
 B = Non-inter-level travel time spent in this place.
 C = Inter-level travel time spent in this place.
 D = Time resting spent in this place.
 E = Time spent auto-exploring this place.
 F = Levels seen in this place.
 G = Mean time per level.
                   A        B        C        D        E       F      G
               +--------+--------+--------+--------+--------+-----+--------+
         Total |  13750 |  13346 |    404 |   2181 |   8678 |  14 |  982.1 |
       Dungeon |  13538 |  13217 |    321 |   2181 |   8568 |  13 | 1041.4 |
        Temple |    211 |    128 |     83 |      0 |    110 |   1 |  211.0 |
               +--------+--------+--------+--------+--------+-----+--------+

Top non-repeatable levels by time:
     D:4: 1402 daAuts
    D:11: 1357 daAuts
     D:3: 1321 daAuts
    D:10: 1222 daAuts
     D:1: 1128 daAuts
     D:7: 1113 daAuts
     D:2: 1100 daAuts
    D:12: 974 daAuts
     D:5: 963 daAuts
     D:8: 929 daAuts
     D:6: 894 daAuts
    D:13: 586 daAuts
     D:9: 544 daAuts
  Temple: 211 daAuts
